 Dungeon Crawl Stone Soup version 0.26-a0-639-g72c4674 (webtiles) character file.

Game seed: 7766305303889567636

156 royokou the Firebug (level 5, -4/28 HPs)
             Began as a Gargoyle Fire Elementalist on Sept 15, 2020.
             Was an Initiate of Vehumet.
             Slain by Grinder (7 damage)
             ... while paralysed by Grinder
             ... on level 4 of the Dungeon.
             The game lasted 00:08:53 (2937 turns).

royokou the Firebug (Gargoyle Fire Elementalist)    Turns: 2937, Time: 00:08:54

Health: -4/28      AC:  7    Str: 12    XL:     5   Next: 38%
Magic:  0/8        EV:  2    Int: 16    God:    Vehumet [......]
Gold:   36         SH:  0    Dex: 10    Spells: 7/8 levels left

rFire    . . .     SeeInvis .   i - +0 spear
rCold    . . .     Faith    .   (no shield)
rNeg     + . .     Spirit   +   a - +0 robe
rPois    ∞         Reflect  .   (no helmet)
rElec    +         Harm     .   (no cloak)
rCorr    .         Rampage  .   c - +0 pair of gloves
MR       .....                  (no boots)
Stlth    ++........             h - amulet of guardian spirit
HPRegen  0.09/turn              (no ring)
MPRegen  0.11/turn              (no ring)

@: paralysed
A: negative energy resistance 1, electricity resistance, unbreathing,
petrification resistance, rot immunity, AC +4
a: Renounce Religion


You were on level 4 of the Dungeon.
You worshipped Vehumet.
Vehumet was noncommittal.
You visited 2 branches of the dungeon, and saw 5 of its levels.

You collected 36 gold pieces.

Inventory:

Hand Weapons
 b - a +0 dagger
 i - a +0 spear (weapon)
Armour
 a - a +0 robe (worn)
 c - a +0 pair of gloves (worn)
Jewellery
 h - an amulet of guardian spirit (around neck)
Scrolls
 d - a scroll of enchant armour {unknown}
 e - a scroll of random uselessness {unknown}
 g - 2 scrolls of identify {unknown}
 j - a scroll of fear {unknown}
 k - a scroll of magic mapping {unknown}
Potions
 f - 2 potions of magic {unknown}
 l - a potion of lignification {unknown}
 m - a potion of stabbing {unknown}


   Skills:
 - Level 1.5 Dodging
 - Level 2.1 Stealth
 - Level 2.0 Spellcasting
 + Level 3.9 Conjurations
 + Level 4.6 Fire Magic


You had 7 spell levels left.
You knew the following spells:

 Your Spells              Type           Power        Failure   Level
a - Foxfire               Conj/Fire      ###.         3%          1

Your spell library contained the following spells:

 Spells                   Type           Power        Failure   Level
 Conjure Flame            Conj/Fire      ###.....     11%         3
 Inner Flame              Hex/Fire       #.......     24%         3
 Sticky Flame             Conj/Fire      ###.....     34%         4
 Fireball                 Conj/Fire      ###.......   69%         5


Dungeon Overview and Level Annotations

Branches:
Dungeon (4/15)             Temple (1/1) D:4

Altars:
Ashenzari
Cheibriados
Dithmenos
Elyvilon
Fedhas
Gozag
Hepliaklqana
Kikubaaqudgha
Nemelex Xobeh
Qazlal
Ru
Sif Muna
Trog
Uskayaw
Vehumet
Wu Jian
Yredelemnul
The Shining One

Annotations:
D:3 Sigmund
D:4 Edmund, Grinder


Innate Abilities, Weirdness & Mutations

You are resistant to torment.
Your stone body is resilient. (AC +4)
You are immune to poison.
You resist negative energy. (rN+)
You are resistant to electric shocks. (rElec)
You can survive without breathing.
You are immune to petrification.
You are immune to rotting.


Message History

Grinder is moderately wounded.
Grinder hits you.
You writhe in agony.
The worker ant barely misses you.
Casting: Foxfire (safe; 3% risk of failure)
Confirm with . or Enter, or press ? or * to list all spells.
You don't have enough magic to cast that spell.
The foxfire hits the worker ant.
The worker ant is heavily wounded.
The foxfire hits the worker ant.
The worker ant is severely wounded.
The worker ant barely misses you. Grinder gestures at you.
You suddenly lose the ability to move!
An adder comes into view.
The worker ant bites you.
The adder moves out of view.
The worker ant bites you.
* * * LOW HITPOINT WARNING * * *
Grinder hits you but does no damage. The worker ant bites you.
* * * LOW HITPOINT WARNING * * *
Grinder hits you!
You die...

..# #)###.###
.....######)##..###
...........#.....## .
..................## #.
..#.#.#.....).....#
.##.#.#.#...........# #
...................#
.#.##.#.##.#...........#
......#@...#...........#
#.5a#.............##
..#.#.>a#.##.........##
#.................####
#....#.#.#........#
...##.#.#.#.#......#
#...........#......# #
#.#.##.#........##
#.#....#.##....####


You could see Grinder and 2 worker ants.

Vanquished Creatures
  An ogre (D:4)
  Natasha (D:3)
  An adder (D:4)
  2 dart slugs
  2 leopard geckos (D:2)
  An orc (D:4)
  A giant cockroach (D:4)
  2 goblins
  4 hobgoblins
  4 jackals (D:2)
  5 kobolds
  A ball python (D:1)
  7 bats
  2 frilled lizards
  5 rats
39 creatures vanquished.

Vanquished Creatures (others)
  51 foxfires
  A fungus (D:3)
52 creatures vanquished.

Grand Total: 91 creatures vanquished

Notes
Turn   | Place    | Note
-------+----------+-------------------------------------------
     0 | D:1      | royokou the Gargoyle Fire Elementalist began the quest for
                  | the Orb.
     0 | D:1      | Reached XP level 1. HP: 10/10 MP: 3/3
   184 | D:1      | Reached XP level 2. HP: 12/15 MP: 5/5
   627 | D:1      | Found a sparkling altar of Nemelex Xobeh.
  1259 | D:2      | Reached XP level 3. HP: 19/19 MP: 6/6
  1653 | D:2      | Found a faded altar of an unknown god.
  2108 | D:3      | Noticed Natasha
  2114 | D:3      | Killed Natasha
  2114 | D:3      | Reached skill level 4 in Fire Magic
  2114 | D:3      | Reached XP level 4. HP: 19/24 MP: 0/7
  2210 | D:3      | Noticed Sigmund
  2344 | D:4      | Noticed an ogre
  2355 | D:4      | Killed an ogre
  2355 | D:4      | Reached XP level 5. HP: 4/28 MP: 1/8
  2369 | D:4      | Noticed a phantom
  2655 | D:4      | Found a staircase to the Ecumenical Temple.
  2665 | D:4      | Noticed Edmund
  2671 | D:4      | Noticed Grinder
  2677 | Temple   | Entered the Ecumenical Temple
  2755 | Temple   | Became a worshipper of Vehumet
  2934 | D:4      | Paralysed by Grinder for 6 turns
  2937 | D:4      | Slain by Grinder

Illustrated notes

Levels and vault maps discovered:
D:1:      dpeg_arrival_arbitrary_c, layout_basic, hex_intersection,
          minivault_24, kennysheep_decorative_pillar, nemelex_altar_shiori
D:2:      layout_basic, chequers_ecumenical_altar_simple, serial_curves,
          eino_curves_01, eino_curves_03
D:3:      layout_basic, minmay_liquid_box, uniq_crazy_yiuf_cottage,
          uniq_natasha, uniq_sigmund
D:4:      kennysheep_kobold_camp, layout_rooms, minmay_temple_entry_ruins,
          uniq_grinder, uniq_edmund
Temple:   dpeg_five_rooms_temple

Skill      XL: |  1  2  3 |
---------------+----------+-----
Conjurations   | 2 3 |  3.9
Fire Magic     | 4 |  4.6
Dodging        | |  1.5
Stealth        | |  2.1
Spellcasting   | |  2.0

Action                   |  1- 3 |  4- 6 || total
-------------------------+-------+-------++-------
Melee: Dagger            |    88 |       ||    88
       Unarmed           |     5 |       ||     5
       Spear             |    23 |    28 ||    51
 Cast: Foxfire           |    20 |    11 ||    31
 Stab: Sleeping          |     4 |       ||     4
Armor: Robe              |    51 |     8 ||    59
Dodge: Dodged            |    78 |    19 ||    97

Table legend: (Time is in decaauts)
 A = Elapsed time spent in this place.
 B = Non-inter-level travel time spent in this place.
 C = Inter-level travel time spent in this place.
 D = Time resting spent in this place.
 E = Time spent auto-exploring this place.
 F = Levels seen in this place.
 G = Mean time per level.
                   A        B        C        D        E       F      G
               +--------+--------+--------+--------+--------+-----+--------+
         Total |   2940 |   2850 |     90 |    507 |   1794 |   5 |  588.0 |
       Dungeon |   2692 |   2651 |     41 |    507 |   1644 |   4 |  673.0 |
        Temple |    247 |    198 |     49 |      0 |    150 |   1 |  247.0 |
               +--------+--------+--------+--------+--------+-----+--------+

Top non-repeatable levels by time:
     D:2: 1230 daAuts
     D:1: 839 daAuts
     D:4: 451 daAuts
  Temple: 247 daAuts
     D:3: 171 daAuts
